 Dungeon Crawl Stone Soup version 0.22-a0-283-g1871b15 (webtiles) character file.

199 vishdafish the Bolt Thrower (level 6, 0/48 HPs)
             Began as a Formicid Hunter on Mar 18, 2018.
             Was an Initiate of Elyvilon.
             Succumbed to an adder's poison
             ... on level 3 of the Dungeon.
             The game lasted 00:05:43 (3589 turns).

vishdafish the Bolt Thrower (Formicid Hunter)       Turns: 3589, Time: 00:05:44

Health: 0/48       AC:  5    Str: 21    XL:     6   Next: 6%
Magic:  9/9        EV: 11    Int: 13    God:    Elyvilon [......]
Gold:   152        SH:  0    Dex: 11    Spells: 6/9 levels left

rFire    . . .     SeeInvis +   i - +0 hand axe
rCold    . . .     Gourm    .   (no shield)
rNeg     . . .     Faith    .   g - +0 ring mail
rPois    .         Spirit   .   (helmet unavailable)
rElec    .         Reflect  .   (no cloak)
rCorr    .         Harm     .   (no gloves)
MR       .....                  (no boots)
Stlth    +.........             m - amulet of magic regeneration
HPRegen  0.16/turn              (no ring)
MPRegen  0.36/turn              (no ring)

@: mighty, lethally poisoned (0 -> -5), flying
A: permanent stasis, dig shafts and tunnels, four strong arms, antennae 3
a: Dig, Shaft Self, Renounce Religion


You were on level 3 of the Dungeon.
You worshipped Elyvilon.
Elyvilon was noncommittal.
You were not hungry.

You visited 1 branch of the dungeon, and saw 4 of its levels.

You collected 152 gold pieces.

Inventory:

Hand Weapons
 i - a +0 hand axe (weapon)
 n - a +0 arbalest
Missiles
 e - 107 stones (quivered)
Armour
 c - a +0 leather armour
 g - a +0 ring mail (worn)
Jewellery
 m - an amulet of magic regeneration (around neck)
Scrolls
 h - a scroll of magic mapping {unknown}
 j - 2 scrolls of identify {unknown}
 l - 3 scrolls of remove curse {unknown}
Potions
 b - a potion of flight
 k - a potion of might
Comestibles
 f - 4 rations


   Skills:
 + Level 3.6 Fighting
 * Level 2.8 Axes
 - Level 4.0 Crossbows
 + Level 2.0 Armour
 - Level 2.3 Dodging
 - Level 1.2 Stealth
 * Level 2.0 Spellcasting


You had 6 spell levels left.
You knew the following spells:

 Your Spells              Type           Power        Failure   Level  Hunger
a - Confuse               Hex            #.......     77%         3    ####...


Dungeon Overview and Level Annotations

Branches:
Dungeon (4/15)
 Temple: D:4-7

Altars:
Elyvilon
Kikubaaqudgha
Vehumet
Zin

Annotations:
D:3 Gorglomux's ghost, amateur FeFi
D:4 vishdafish's ghost, novice FoHu


Innate Abilities, Weirdness & Mutations

You cannot be hasted, slowed, berserked, paralysed or teleported.
You can dig through walls and to a lower floor.
Your four strong arms can wield two-handed weapons with a shield.
You have a pair of large antennae on your head. (SInv)


Message History

It was a potion of might.
You feel very mighty all of a sudden.
* * * LOW HITPOINT WARNING * * *
You feel sick. The adder closely misses you. The adder barely misses you.
It was a potion of flight.
You feel very buoyant.
You fly up into the air.
The adder bites you.
* * * LOW HITPOINT WARNING * * *
Wield which item (- for none, * to show all)? (? for menu, Esc to quit)
i - a +0 hand axe (weapon)
* * * LOW HITPOINT WARNING * * *
You feel sick. The adder bites you but does no damage.
You slash the adder!
You kill the adder!
Your Spellcasting skill increases to level 2!
* * * LOW HITPOINT WARNING * * *
You feel sick.
Things that are here:
2 stones; 2 bolts; an adder corpse You die...

# #...... #..## #..
#...# #.. #.. ....#
..#.#####.. ##.(.###
##....... ##......
.#.#.##.#...
#......###...........
#..........#.###.####
#......# #.# #..@#
#.###.## #.#(#
#......# # #.#
#####(.### #.#
########()... #.#
.......).รท... { #..
..###..##..##. ###
#............
#.####.####.. #
##.....##..


There were no monsters in sight!

Vanquished Creatures
  A hound (D:3)
  An orc wizard (D:3)
  7 adders
  2 worms (D:2)
  2 dart slugs (D:2)
  A leopard gecko (D:2)
  6 orcs (D:3)
  5 bats
  4 giant cockroaches
  6 goblins
  3 hobgoblins
  2 jackals (D:2)
  A quokka (D:3)
  2 ball pythons
  3 frilled lizards
  11 kobolds
  6 rats
63 creatures vanquished.

Notes
Turn   | Place    | Note
-------+----------+-------------------------------------------
     0 | D:1      | vishdafish the Formicid Hunter began the quest for the Orb.
     0 | D:1      | Reached XP level 1. HP: 16/16 MP: 1/1
   653 | D:1      | Reached XP level 2. HP: 23/23 MP: 2/2
  1522 | D:2      | Found a radiant altar of Vehumet.
  1532 | D:2      | Reached XP level 3. HP: 19/28 MP: 3/3
  1543 | D:2      | Reached skill level 1 in Axes
  1961 | D:2      | Reached skill level 1 in Armour
  1977 | D:2      | Reached XP level 4. HP: 12/35 MP: 4/4
  2331 | D:2      | Learned a level 3 spell: Confuse
  2347 | D:2      | Found a white marble altar of Elyvilon.
  2396 | D:2      | Became a worshipper of Elyvilon the Healer
  2836 | D:3      | Reached skill level 1 in Spellcasting
  2836 | D:3      | Reached XP level 5. HP: 37/41 MP: 4/6
  3209 | D:3      | Found a glowing silver altar of Zin.
  3451 | D:3      | Found an ancient bone altar of Kikubaaqudgha.
  3490 | D:3      | Reached XP level 6. HP: 42/47 MP: 8/8
  3501 | D:3      | Noticed Gorglomux's ghost (amateur FeFi)
  3563 | D:4      | Noticed vishdafish's ghost (novice FoHu)
  3585 | D:3      | HP: 2/47 [adder (4)]
  3589 | D:3      | Succumbed to an adder's poison

Vault maps used:
D:1:      matt_arrival_los_fun
D:2:      lemuel_round_altar, vehumet_crystals
D:3:      nicolae_tso_carved_into_rock, old_standard_altar,
          nicolae_overflow_crystal_walls
D:4:      grunt_qazlal_sundering, first_ration, kennysheep_decorative_pillar,
          minmay_hedge_maze, corexii_corridor_pit, uniq_ijyb, uniq_robin

Skill      XL: |  1  2  3  4  5  6 |
---------------+-------------------+-----
Dodging        | 2 |  2.3
Fighting       | 3 |  3.6
Axes           | 1 2 |  2.8
Armour         | 1 2 |  2.0
Spellcasting   | 1 2 |  2.0
Crossbows      | |  4.0
Stealth        | |  1.2

Action                   |  1- 3 |  4- 6 || total
-------------------------+-------+-------++-------
Melee: Short sword       |     7 |       ||     7
       Hand axe          |    44 |    98 ||   142
 Fire: Hand crossbow     |    34 |    11 ||    45
       Arbalest          |       |    26 ||    26
Throw: Stone             |       |     5 ||     5
  Use: Potion            |     1 |     2 ||     3
  Eat: Chunk             |     3 |     5 ||     8
Armor: Leather armour    |     3 |       ||     3
       Ring mail         |    29 |    64 ||    93
Dodge: Dodged            |    54 |   118 ||   172

Table legend:
 A = Spawn XP
 B = Non-spawn XP
 C = Spawn XP percentage of total XP
 D = Spawn monster count
 E = Non-spawn monster count
 F = Spawn count percentage of total count
 G = Total turns spent on level
                    A         B        C        D         E        F      G
               +---------+---------+-------+---------+---------+-------+---------
         Total |       0 |     285 |   0.0 |       0 |      63 |   0.0 |  3589
               +---------+---------+-------+---------+---------+-------+---------
           D:1 |       0 |      24 |   0.0 |       0 |      15 |   0.0 |  1505
           D:2 |       0 |      64 |   0.0 |       0 |      24 |   0.0 |  1280
           D:3 |       0 |     197 |   0.0 |       0 |      24 |   0.0 |   786
               +---------+---------+-------+---------+---------+-------+---------
